Map: Tours du crépuscule

Players

LÉopOLDineFr - Winner!

  • Race: Terran Terran
  • League: Diamond

MrWizard

  • Race: Protoss Protoss
  • League: Diamond

VOD

Have the link to the VOD?

Description

Time

  • Played on: Dec. 19, 2015, 4:24 p.m.
  • Length: 9:40
Show
View Real Time Build Order
Export as new Build Order

LÉopOLDineFr Terran - Winner!

Build Orders:  

Get SALT Encoding   

  12  0:01  SCV  
  13  0:13  SCV  
  14  0:17  Supply Depot  
  14  0:25  SCV  
  15  0:39  SCV  
  15  0:41  Barracks  
  16  0:46  Refinery  
  16  0:51  SCV  
  17  1:03  SCV  
  18  1:15  SCV  
  19  1:27  Orbital Command  
  19  1:31  Barracks Reactor  
  19  1:43  Command Center  
  19  1:54  SCV  
  19  1:57  Supply Depot  
  20  2:06  SCV  
  21  2:09  Factory, Marine  
  21  2:10  Marine  
  23  2:18  SCV  
  23  2:19  Bunker  
  24  2:27  Marine  
  24  2:28  Marine  
  26  2:38  SCV  
  27  2:45  Marine  
  27  2:46  Marine  
  27  2:50  SCV  
  30  2:56  Starport  
  30  3:08  SCV  
  30  3:09  Orbital Command  
  30  3:10  Hellion  
  30  3:11  Hellion  
  35  3:15  Supply Depot  
  35  3:17  Refinery  
  35  3:20  SCV  
  36  3:27  Marine  
  36  3:33  Medivac  
  36  3:34  Hellion  
  41  3:37  Hellion  
  43  3:47  Marine  
  44  3:53  SCV x2  
  46  4:05  Starport  
  46  4:06  Starport Tech Lab  
  46  4:09  SCV  
  48  4:10  SCV  
  48  4:11  Factory Tech Lab  
  48  4:15  Marine x2  
  50  4:29  SCV  
  50  4:30  SCV  
  52  4:34  Supply Depot, Refinery  
  52  4:37  Marine x2  
  54  4:41  Cloaking Field  
  54  4:43  Banshee  
  57  4:47  Supply Depot  
  57  4:51  Engineering Bay  
  57  4:54  Marine  
  57  4:55  Marine  
  57  4:57  Banshee  
  57  4:58  SCV x2  
  64  5:08  Supply Depot  
  64  5:10  SCV  
  64  5:11  SCV  
  64  5:23  SCV  
  59  5:41  Banshee, Raven  
  64  5:43  Marine x2  
  64  5:45  Widow Mine  
  64  5:47  SCV x2  
  70  5:55  Refinery  
  70  5:59  SCV x2  
  70  6:00  Supply Depot  
  70  6:01  Marine x2  
  70  6:02  Command Center  
  74  6:07  Supply Depot  
  74  6:09  Supply Depot x2  
  74  6:13  Widow Mine  
  76  6:18  Marine  
  76  6:19  Marine  
  76  6:24  Viking  
  80  6:33  Banshee  
  80  6:36  SCV x2, Marine x2  
  87  6:43  Missile Turret  
  87  6:47  Widow Mine  
  87  6:48  SCV x2, Missile Turret  
  87  6:54  Banshee, Marine x2  
  96  7:11  SCV x2  
  96  7:12  Marine x2  
  100  7:16  Banshee  
  100  7:17  Factory  
  100  7:21  Factory  
  103  7:23  SCV x2  
  105  7:30  Marine x2  
  105  7:32  Hellion  
  109  7:37  SCV x2, Viking  
  113  7:45  Orbital Command  
  113  7:49  SCV x2  
  115  7:55  Refinery  
  115  7:58  Missile Turret  
  115  8:01  SCV x2  
  115  8:02  Raven  
  115  8:04  Hellion  
  115  8:05  Marine x2  
  108  8:40  Marine x2  
  105  8:42  Banshee, Hellion  
  105  8:45  Banshee  
  113  8:58  Marine  
  113  8:59  Factory  
  113  9:01  Factory  
  113  9:02  Armory  
  114  9:04  Command Center  
  114  9:06  Supply Depot  
  114  9:09  Supply Depot  
  114  9:10  Supply Depot  
Show
View Real Time Build Order
Export as new Build Order

MrWizard Protoss 

Build Orders: 1 Gate Expand 

Get SALT Encoding   

  12  0:03  Probe (Chrono Boost)  
  13  0:13  Probe (Chrono Boost)  
  14  0:20  Pylon  
  14  0:24  Probe (Chrono Boost)  
  15  0:38  Probe (Chrono Boost)  
  15  0:40  Gateway  
  15  0:42  Assimilator  
  16  0:48  Probe (Chrono Boost)  
  17  1:00  Probe (Chrono Boost)  
  18  1:11  Probe (Chrono Boost)  
  19  1:22  Nexus  
  19  1:32  Cybernetics Core  
  19  1:35  Probe (Chrono Boost)  
  19  1:39  Assimilator  
  20  1:46  Probe (Chrono Boost)  
  21  1:47  Pylon  
  21  2:00  Probe (Chrono Boost)  
  22  2:09  Adept  
  22  2:10  Probe (Chrono Boost), Warp Gate  
  25  2:21  Mothership Core (Chrono Boost)  
  27  2:34  Probe (Chrono Boost)  
  27  2:36  Adept  
  30  2:39  Probe (Chrono Boost)  
  31  2:45  Probe (Chrono Boost)  
  31  2:50  Probe (Chrono Boost)  
  32  2:55  Probe (Chrono Boost)  
  32  2:58  Twilight Council  
  33  3:00  Probe (Chrono Boost)  
  33  3:03  Adept  
  36  3:08  Probe (Chrono Boost)  
  36  3:11  Probe (Chrono Boost)  
  38  3:14  Pylon  
  38  3:19  Probe (Chrono Boost)  
  39  3:22  Probe (Chrono Boost)  
  39  3:23  Robotics Facility  
  40  3:30  Adept  
  40  3:33  Resonating Glaives (Chrono Boost)  
  40  3:34  Probe (Chrono Boost)  
  42  3:35  Probe  
  44  3:44  Probe  
  44  3:47  Probe  
  46  3:54  Gateway  
  46  3:55  Gateway, Assimilator  
  46  3:56  Pylon  
  46  4:00  Pylon  
  46  4:01  Assimilator  
  46  4:02  Probe  
  47  4:09  Probe  
  47  4:13  Immortal (Chrono Boost)  
  52  4:19  Probe  
  52  4:20  Probe  
  54  4:25  Stalker  
  54  4:30  Probe  
  56  4:32  Probe  
  56  4:36  Pylon  
  58  4:40  Probe  
  58  4:43  Forge  
  58  4:44  Probe  
  60  4:48  Observer (Chrono Boost)  
  60  4:51  Probe  
  62  4:56  Probe  
  63  5:01  Probe  
  63  5:04  Stalker  
  63  5:05  Adept  
  63  5:06  Observer (Chrono Boost)  
  52  5:28  Probe  
  52  5:32  Nexus  
  52  5:35  Pylon  
  53  5:40  Blink  
  53  5:42  Pylon  
  53  5:47  Gateway x2  
  53  5:50  Gateway  
  53  5:53  Protoss Ground Weapons Level 1 (Chrono Boost)  
  53  6:00  Warp Prism  
  53  6:04  Sentry  
  57  6:05  Sentry  
  57  6:07  Sentry  
  61  6:26  Stargate  
  61  6:27  Probe x2  
  62  6:39  Probe (Chrono Boost)  
  64  6:40  Probe (Chrono Boost)  
  64  6:44  Probe (Chrono Boost)  
  65  6:50  Probe (Chrono Boost)  
  65  6:51  Probe (Chrono Boost)  
  67  6:54  Probe (Chrono Boost)  
  67  6:59  Observer  
  69  7:02  Probe x2 (Chrono Boost)  
  69  7:05  Pylon, Photon Cannon  
  71  7:09  Photon Cannon  
  71  7:10  Phoenix  
  71  7:11  Pylon  
  71  7:13  Probe x3 (Chrono Boost)  
  76  7:26  Immortal  
  76  7:29  Probe x2 (Chrono Boost)  
  72  7:32  Probe (Chrono Boost)  
  73  7:39  Protoss Ground Armor Level 1  
  73  7:40  Probe x2 (Chrono Boost)  
  73  7:43  Probe (Chrono Boost)  
  76  7:44  Phoenix  
  76  7:50  Probe (Chrono Boost)  
  80  7:51  Probe (Chrono Boost)  
  80  7:53  Probe (Chrono Boost)  
  80  7:58  Templar Archives  
  81  8:02  Pylon  
  81  8:09  Phoenix  
  83  8:14  Pylon  
  70  8:27  Adept  
  70  8:28  Adept x5  
  68  8:40  Adept  
  49  8:49  Adept x5  
  49  8:53  Phoenix  
  57  9:02  Adept  
  59  9:07  Observer  
  60  9:10  High Templar x2  
  60  9:11  High Templar x2  
  60  9:12  Adept  
  60  9:15  Archon x2  
  52  9:31  Adept  
Tags
 
Add a new tag
Caveats
  • Supply blocks, unpowered buildings, or Contaminate may cause inaccurate times.
  • Supply counts are checked every 10 seconds.